AoeStats
← 一剑扫秋风nelson

Arena

504464158Analyzed
4v4 RM · 27d ago on Sep 5, 2026· 51m 13s· 8 players
Game mode
Random Map
Map size
Large (8 player)
Population
200
Speed
Normal
Resources
Standard
Victory
Conquest
Starting age
Dark Age
Ending age
Imperial Age
RankedLock teamsTeams togetherTeam positionsShared explorationLock speedFull tech treeHidden civsTurbo modeCheats
Victory
Defeat
🇨🇳 Mapuche · China
1878
+5
🇺🇦 Celts · Ukraine
1754
+8
🇬🇪 Dravidians · Georgia
1754
+8
🇹🇷 Mongols · Türkiye
1613
+12
🇦🇺 Jurchens · Australia
1589
-9
🇦🇺 Persians · Australia
1589
-9
🇬🇧 Romans · United Kingdom
1569
-8
🇨🇳 Cumans · China
1521
-7
一剑扫秋风nelson
10:56 Feudal Age
14:52 Castle Age
13:10 Double-Bit Axe
13:08 Horse Collar
15:17 Gold Mining
15:47 Heavy Plow
28:58 Fletching
29:11 Malon
29:38 Bodkin Arrow
30:02 Padded Archer Armor
30:24 Ballistics
33:10 Wheelbarrow
32:20 Loom
32:49 Town Watch
36:20 Imperial Age
33:34 Pikeman
35:13 Bow Saw
35:59 Hand Cart
35:49 Scale Mail Armor
36:22 Elite Bolas Rider
37:19 Leather Archer Armor
38:08 Chemistry
36:43 Halberdier
37:36 Butalmapu
38:59 Ring Archer Armor
38:45 Chain Mail Armor
38:40 Forging
39:04 Arson
39:51 Coinage
39:45 Conscription
41:15 Plate Mail Armor
41:52 Town Patrol
42:30 Gold Shaft Mining
41:53 Elite Kona
43:13 Banking
43:05 Masonry
43:39 Iron Casting
45:29 Blast Furnace
45:05 Caravan
48:38 Architecture
48:14 Siege Engineers
47:49 Treadmill Crane
Itgetsdarker
9:56 Feudal Age
14:04 Castle Age
12:40 Double-Bit Axe
14:44 Loom
16:06 Horse Collar
16:59 Fletching
17:39 Padded Archer Armor
24:54 Bodkin Arrow
31:11 Imperial Age
29:17 Wheelbarrow
31:21 Heavy Camel Rider
32:57 Bloodlines
32:48 Husbandry
34:15 Scale Barding Armor
34:35 Town Watch
35:31 Stone Mining
36:35 Gold Mining
38:02 Chain Barding Armor
39:02 Light Cavalry
40:19 Masonry
40:36 Forging
42:32 Chemistry
42:16 Hand Cart
43:17 Hussar
45:23 Conscription
44:25 Elite Mangudai
48:26 Bracer
48:42 Leather Archer Armor
49:02 Iron Casting
51:37 Gold Shaft Mining
RoomOnFire
11:00 Feudal Age
11:29 Loom
12:23 Double-Bit Axe
12:19 Horse Collar
14:56 Castle Age
15:49 Heavy Plow
15:59 Bow Saw
19:39 Gold Mining
21:34 Wheelbarrow
26:39 Imperial Age
24:49 Hand Cart
24:42 Town Watch
26:34 Scale Mail Armor
26:44 Forging
25:55 Pikeman
27:17 Halberdier
27:21 Capped Ram
28:39 Siege Ram
30:12 Man-at-Arms
30:37 Gambesons
32:04 Long Swordsman
33:25 Furor Celtica
33:36 Conscription
33:22 Two-Handed Swordsman
34:40 Chain Mail Armor
34:51 Champion
36:52 Iron Casting
36:26 Heavy Scorpion
38:27 Ballistics
39:05 Siege Engineers
40:02 Chemistry
40:31 Treadmill Crane
44:14 Coinage
43:46 Caravan
49:08 Plate Mail Armor
49:13 Iron Casting
50:05 Banking
undefined
10:57 Feudal Age
14:32 Castle Age
12:39 Horse Collar
13:08 Double-Bit Axe
15:32 Bow Saw
17:58 Wheelbarrow
18:59 Loom
19:37 Gold Mining
21:15 Town Watch
26:01 Imperial Age
24:21 Scale Mail Armor
23:42 Pikeman
24:23 Squires
25:18 Chain Mail Armor
26:04 Halberdier
27:16 Plate Mail Armor
28:08 Forging
27:40 Man-at-Arms
28:06 Gambesons
28:07 Arson
28:50 Hand Cart
28:37 Heavy Plow
29:59 Iron Casting
28:45 Long Swordsman
29:32 Two-Handed Swordsman
32:01 Wootz Steel
31:34 Champion
34:08 Blast Furnace
35:35 Conscription
37:50 Chemistry
37:11 Padded Archer Armor
37:34 Ballistics
39:56 Leather Archer Armor
39:38 Fletching
41:15 Ring Archer Armor
41:48 Bodkin Arrow
42:18 Murder Holes
43:29 Bracer
44:12 Caravan
46:17 Thumb Ring
49:08 Elite Elephant Archer
Gene_Parmesan__
10:28 Feudal Age
11:43 Horse Collar
14:41 Castle Age
13:38 Double-Bit Axe
15:40 Bow Saw
16:14 Heavy Plow
19:11 Town Watch
19:14 Loom
22:17 Stone Mining
22:18 Gold Mining
24:40 Wheelbarrow
26:26 Hand Cart
29:31 Imperial Age
27:10 Scale Mail Armor
27:34 Forging
26:49 Man-at-Arms
28:37 Chain Mail Armor
27:43 Long Swordsman
28:24 Squires
30:07 Iron Casting
29:23 Fletching
29:55 Ballistics
29:45 Legionary
32:47 Conscription
32:54 Comitatenses
34:01 Gold Shaft Mining
36:40 Blast Furnace
35:37 Bodkin Arrow
36:40 Capped Ram
39:18 Chemistry
40:57 Ballistas
41:37 Heavy Scorpion
45:16 Pikeman
48:29 Siege Engineers
BariBhai
10:13 Feudal Age
14:16 Castle Age
12:56 Horse Collar
14:02 Double-Bit Axe
21:13 Scale Barding Armor
22:25 Bloodlines
23:42 Husbandry
24:53 Chain Barding Armor
26:59 Wheelbarrow
26:41 Heavy Plow
32:59 Imperial Age
30:52 Forging
32:34 Hand Cart
32:05 Loom
32:06 Town Watch
32:59 Iron Casting
32:49 Light Cavalry
33:27 Cavalier
34:49 Plate Barding Armor
34:46 Bow Saw
34:24 Hussar
35:10 Heavy Camel Rider
36:53 Blast Furnace
38:40 Masonry
39:17 Conscription
40:25 Two-Man Saw
40:02 Kamandaran
40:01 Fletching
40:11 Padded Archer Armor
40:59 Bodkin Arrow
41:44 Ballistics
42:25 Chemistry
40:53 Crossbowman
41:50 Thumb Ring
41:09 Elite Skirmisher
42:39 Leather Archer Armor
45:40 Crop Rotation
46:37 Ring Archer Armor
Byzantine
11:03 Feudal Age
14:38 Castle Age
12:35 Gold Mining
12:45 Double-Bit Axe
13:03 Horse Collar
21:05 Loom
33:53 Ballistics
33:28 Elite Skirmisher
35:10 Bow Saw
37:05 Wheelbarrow
37:04 Fletching
41:36 Imperial Age
40:11 Siege Engineers
41:34 Bodkin Arrow
43:17 Gold Shaft Mining
42:27 Heavy Rocket Cart
43:41 Bracer
43:43 Scale Mail Armor
43:44 Padded Archer Armor
44:19 Pikeman
45:04 Elite Fire Lancer
46:01 Masonry
45:26 Halberdier
46:42 Thunderclap Bombs
Long-Long-Way
9:26 Feudal Age
9:58 Double-Bit Axe
18:19 Loom
20:36 Castle Age
19:43 Scale Barding Armor
20:16 Wheelbarrow
20:22 Horse Collar
21:31 Bloodlines
22:05 Chain Barding Armor
22:35 Bow Saw
23:30 Forging
23:44 Capped Ram
24:49 Town Watch
26:38 Town Patrol
35:20 Imperial Age
34:00 Fletching
34:10 Padded Archer Armor
34:59 Ballistics
34:36 Stone Mining
34:36 Gold Mining
35:20 Squires
35:39 Cavalier
37:12 Conscription
37:28 Plate Barding Armor
37:29 Iron Casting
37:44 Gold Shaft Mining
37:11 Paladin
38:08 Heavy Plow
39:33 Caravan
40:46 Blast Furnace
40:06 Hand Cart
40:33 Pikeman
41:14 Scale Mail Armor
41:25 Steppe Husbandry
40:52 Light Cavalry
43:45 Two-Man Saw
43:17 Crop Rotation
43:10 Halberdier
43:12 Hussar
44:27 Siege Ram
44:31 Onager
46:11 Siege Onager
49:05 Coinage
48:20 Siege Ram
49:29 Arson
Connection lost

Rejoining the realm…

Still unreachable

The connection could not be restored.

Session expired

The server has moved on; the page needs a fresh start.